[Event "Wednesday Jan 10 Engine Tour 9 Rd Swiss 12m+1s Starts at 1600hrs ST"]
[Site "Infinity Chess"]
[Date "2018.1.10"]
[Round "1"]
[White "KULLANI"]
[Black "THE_MACHINE"]
[Result "0-1"]
[ECO "C50"]
[WhiteElo "2433"]
[BlackElo "2510"]
[WhiteEngine "BrainFish_180106_x64_CTG"]
[BlackEngine "Houdini 6"]
[EventType "Swiss"]
[WhiteTeam ""]
[BlackTeam ""]
[PlyCount "212"]
[TimeControl "720+1"]

1. e4 e5 2. Nf3 Nc6 3. Bc4 Bc5 4. O-O Nf6 5. d3 d6 6. c3 O-O 7. Bg5 h6 8. Bh4 a6 
9. Re1 g5 10. Bg3 Ba7 11. Nbd2 Nh7 12. h3 h5 13. d4 g4 14. hxg4 hxg4 15. Bh4 Qd7 
16. Nh2 Kh8 17. Be2 Rg8 18. Nb3 Qe6 19. Bxg4 Rxg4 20. Qxg4 Qxg4 21. Nxg4 Bxg4 
22. d5 Nd8 23. c4 Kg7 24. Rac1 f6 25. c5 Nf7 26. f3 Bd7 27. Bf2 f5 28. exf5 Bxf5 
29. Na5 Nf6 30. Nxb7 Nxd5 31. cxd6 Bxf2+ 32. Kxf2 Bc8 33. Nc5 cxd6 34. Red1 Nf6 
35. Na4 Bd7 36. b3 Bxa4 37. bxa4 a5 38. Rc7 Kg6 39. Rdc1 Nd5 40. Rc8 Ra7 
41. Rb8 Kf5 42. Rcc8 Ne7 43. Rc2 Ke6 44. Rc1 Kd7 45. g4 Nd8 46. Rh1 Rc7 
47. Rh8 Ne6 48. Rh6 Nd4 49. Rb2 Kc6 50. Rh1 Nd5 51. Rc1+ Kd7 52. Rxc7+ Kxc7 
53. Rd2 Nf4 54. Ke3 Nde6 55. Rb2 d5 56. Rb5 Kc6 57. Kf2 Nc7 58. Rb1 d4 
59. Rb8 Ncd5 60. Rc8+ Kd6 61. Ke1 Nb6 62. Rb8 Nc4 63. Rc8 Nd3+ 64. Ke2 Ndb2 
65. Rd8+ Ke7 66. Rd5 d3+ 67. Rxd3 Nxd3 68. Kxd3 Nb2+ 69. Kc3 Nxa4+ 70. Kc4 Kd6 
71. Kd3 Nc5+ 72. Kc2 Ne6 73. Kd1 Nd4 74. g5 Nxf3 75. g6 Ke7 76. g7 Kf7 
77. g8=Q+ Kxg8 78. Ke2 a4 79. Kxf3 Kf7 80. Ke3 a3 81. Kf3 Ke6 82. Ke4 Kd6 
83. Ke3 Kd5 84. Kd3 e4+ 85. Ke3 Ke5 86. Ke2 Kd4 87. Kd2 e3+ 88. Ke2 Ke4 
89. Ke1 Kd3 90. Kd1 Kc3 91. Ke1 Kb2 92. Kd1 e2+ 93. Kd2 e1=Q+ 94. Kxe1 Kxa2 
95. Kd2 Kb1 96. Kd3 a2 97. Ke4 a1=Q 98. Kf5 Qa3 99. Kf6 Qd6+ 100. Kg7 Kc2 
101. Kh8 Qg3 102. Kh7 Kc3 103. Kh6 Kd4 104. Kh7 Ke5 105. Kh8 Kf6 106. Kh7 Qg7# 
0-1

[Event "Wednesday Jan 10 Engine Tour 9 Rd Swiss 12m+1s Starts at 1600hrs ST"]
[Site "Infinity Chess"]
[Date "2018.1.10"]
[Round "1"]
[White "xeonrocks"]
[Black "hafaba"]
[Result "1/2-1/2"]
[ECO "B00"]
[WhiteElo "2514"]
[BlackElo "2436"]
[WhiteEngine "asmFishW_CTG"]
[BlackEngine "Stockfish SL 07012018 POPCNT_CTG"]
[EventType "Swiss"]
[WhiteTeam ""]
[BlackTeam ""]
[PlyCount "81"]
[TimeControl "720+1"]

1. e4 Nc6 2. d4 d5 3. e5 Bf5 4. c3 e6 5. Nf3 f6 6. Bb5 Nge7 7. exf6 gxf6 
8. Nh4 Bg6 9. O-O Qd7 10. Nd2 Nf5 11. Ndf3 O-O-O 12. Nxf5 Bxf5 13. Nh4 Be4 
14. Bf4 a6 15. Ba4 Bd6 16. Bg3 Bxg3 17. fxg3 Rhf8 18. Qd2 e5 19. Rf2 exd4 
20. Bxc6 Qxc6 21. Qxd4 b6 22. g4 Qc4 23. h3 Qxd4 24. cxd4 Kd7 25. Rc1 Rc8 
26. Nf5 c5 27. dxc5 Rxc5 28. Rcf1 Rc2 29. Ng3 Rfc8 30. Nxe4 dxe4 31. Rxc2 Rxc2 
32. Rxf6 Rxb2 33. h4 e3 34. Kf1 Rxa2 35. Rxb6 Rf2+ 36. Ke1 Rxg2 37. Rxa6 Rxg4 
38. h5 Rg2 39. Ra7+ Ke6 40. h6 Ke5 41. Rxh7 1/2-1/2

[Event "Wednesday Jan 17th Engine Tour 9Rd Swiss 12m+1s Starts at 1600hrs ST"]
[Site "Infinity Chess"]
[Date "2018.1.17"]
[Round "9"]
[White "angriff"]
[Black "CrapCleaner"]
[Result "1/2-1/2"]
[ECO "C50"]
[WhiteElo "2474"]
[BlackElo "2428"]
[WhiteEngine "Raubfisch ME262_GTZ16b2_CTG"]
[BlackEngine "Raubfisch ME262_GTZ16b3._CTG"]
[EventType "Swiss"]
[WhiteTeam ""]
[BlackTeam ""]
[PlyCount "128"]
[TimeControl "720+1"]

1. e4 e5 2. Nf3 Nc6 3. Bc4 Bc5 4. O-O Nf6 5. d3 d6 6. c3 O-O 7. Re1 a6 8. h3 Ba7 
9. a4 Ne7 10. Nbd2 Ng6 11. d4 c6 12. a5 exd4 13. cxd4 Nh5 14. Ra3 Nhf4 
15. Ba2 Be6 16. Bxe6 Nxe6 17. d5 cxd5 18. exd5 Nc7 19. Nc4 Rc8 20. Be3 Nb5 
21. Ra4 Bxe3 22. Rxe3 Re8 23. Rxe8+ Qxe8 24. g3 f6 25. Ne3 Ne5 26. Kg2 Rc5 
27. Nd2 Rc7 28. g4 Qg6 29. Re4 h5 30. Kg3 Kf8 31. Qb1 Nd7 32. Nf5 Ne5 
33. Ne3 Nd7 34. Rc4 Qxb1 35. Nxb1 Rxc4 36. Nxc4 hxg4 37. hxg4 Ke7 38. Kf4 g6 
39. f3 Ne5 40. Nb6 Nd4 41. Nd2 Nc2 42. Nc8+ Kd7 43. Nb6+ Kc7 44. Ke4 Ne1 
45. b3 N1d3 46. Nbc4 Nxc4 47. Kxd3 Nxd2 48. Kxd2 b6 49. b4 b5 50. Kd3 Kd7 
51. Kc3 Ke7 52. f4 Kf7 53. g5 f5 54. Kb3 Kg7 55. Kc3 Kf7 56. Kc2 Ke8 57. Kb3 Ke7 
58. Kc2 Kf7 59. Kd3 Ke7 60. Kc2 Kd7 61. Kb3 Ke8 62. Kc2 Kd7 63. Kd3 Ke8 
64. Kc2 Kd7 1/2-1/2

[Event "Wednesday Jan 17th Engine Tour 9Rd Swiss 12m+1s Starts at 1600hrs ST"]
[Site "Infinity Chess"]
[Date "2018.1.17"]
[Round "9"]
[White "BraveDevil"]
[Black "star99"]
[Result "1/2-1/2"]
[ECO "E40"]
[WhiteElo "2377"]
[BlackElo "2408"]
[WhiteEngine "Cryptic AIL V1"]
[BlackEngine "Cryptic AIL V1"]
[EventType "Swiss"]
[WhiteTeam ""]
[BlackTeam ""]
[PlyCount "104"]
[TimeControl "720+1"]

1. d4 Nf6 2. c4 e6 3. Nc3 Bb4 4. e3 O-O 5. Bd3 b6 6. Nf3 Bb7 7. O-O d5 
8. a3 Bxc3 9. bxc3 Nc6 10. cxd5 exd5 11. c4 dxc4 12. Bxc4 Na5 13. Bd3 Be4 
14. Ne5 c5 15. Bb2 cxd4 16. Bxd4 Qd5 17. Bxe4 Nxe4 18. Nd3 f6 19. Nf4 Qf7 
20. Qe2 Nb3 21. Rad1 Rac8 22. h4 Qc4 23. Qg4 Qf7 24. Qh3 Rfd8 25. Rd3 f5 
26. h5 h6 27. Rdd1 Nxd4 28. exd4 Rc3 29. Rd3 Ng5 30. Qg3 Rxd3 31. Qxd3 Ne6 
32. Ng6 Nxd4 33. Re1 Kh7 34. Re7 Qf6 35. Qc4 Qd6 36. Qd3 a5 37. f4 b5 38. Kh2 b4 
39. axb4 axb4 40. Rf7 Qd5 41. Re7 Qc6 42. Qe3 Qd6 43. Re8 Qb8 44. Re7 Qd6 
45. Re8 Nc6 46. Rxd8 Qxd8 47. Qe6 Nd4 48. Qf7 b3 49. Nf8+ Kh8 50. Ng6+ Kh7 
51. Nf8+ Kh8 52. Ng6+ Kh7 1/2-1/2

[Event "Wednesday Jan 17th Engine Tour 9Rd Swiss 12m+1s Starts at 1600hrs ST"]
[Site "Infinity Chess"]
[Date "2018.1.17"]
[Round "9"]
[White "SkyPilot"]
[Black "ocirema"]
[Result "1/2-1/2"]
[ECO "B90"]
[WhiteElo "2453"]
[BlackElo "2421"]
[WhiteEngine "stockfish_x64_bmi2_2018_01_13_CTG"]
[BlackEngine "stockfish_18011309_x64_modern_CTG"]
[EventType "Swiss"]
[WhiteTeam ""]
[BlackTeam ""]
[PlyCount "127"]
[TimeControl "720+1"]

1. e4 c5 2. Nf3 d6 3. d4 cxd4 4. Nxd4 Nf6 5. Nc3 a6 6. Be3 e5 7. Nb3 Be6 
8. f3 h5 9. Qd2 Nbd7 10. Nd5 Nxd5 11. exd5 Bf5 12. Na5 Qc7 13. Rc1 Be7 
14. Bd3 Bxd3 15. cxd3 Qb8 16. d4 Bh4+ 17. Bf2 Bxf2+ 18. Kxf2 O-O 19. Rhe1 Re8 
20. h4 Nf6 21. dxe5 dxe5 22. d6 e4 23. Rc7 exf3 24. Rxb7 Qc8 25. Rxe8+ Nxe8 
26. Qd5 Nxd6 27. Qxd6 Qc2+ 28. Kxf3 Re8 29. Kg3 Re2 30. Qd5 Qg6+ 31. Kh2 Re3 
32. Rb8+ Kh7 33. Kg1 Qg4 34. Qd2 Qg3 35. Kf1 Qxb8 36. Qxe3 Qb5+ 37. Kg1 Qxa5 
38. Qe4+ g6 39. Qc4 Qf5 40. Kh2 Qf2 41. a3 Qf6 42. b4 Qe5+ 43. Kg1 Kg7 
44. Qxa6 Qd4+ 45. Kh2 Qxh4+ 46. Kg1 g5 47. Qa5 Qd4+ 48. Kf1 Qd3+ 49. Kf2 f6 
50. Kg1 Qe3+ 51. Kh2 Qc1 52. Qc5 Qxa3 53. Qe7+ Kg6 54. Qe8+ Kf5 55. Qd7+ Kf4 
56. Qd4+ Kf5 57. b5 Qe7 58. b6 Kg6 59. Qd5 Qe1 60. b7 Qh4+ 61. Kg1 Qe1+ 
62. Kh2 Qh4+ 63. Kg1 Qe1+ 64. Kh2 1/2-1/2

[Event "Wednesday Jan 17th Engine Tour 9Rd Swiss 12m+1s Starts at 1600hrs ST"]
[Site "Infinity Chess"]
[Date "2018.1.17"]
[Round "9"]
[White "Satria_Ungu"]
[Black "Cepri"]
[Result "1/2-1/2"]
[ECO "A05"]
[WhiteElo "2371"]
[BlackElo "2442"]
[WhiteEngine "Houdini 6_CTG"]
[BlackEngine "asmFishW_12J18Mb_CTG"]
[EventType "Swiss"]
[WhiteTeam ""]
[BlackTeam ""]
[PlyCount "101"]
[TimeControl "720+1"]

1. Nf3 Nf6 2. d4 e6 3. c4 d5 4. Nc3 c6 5. Bg5 h6 6. Bxf6 Qxf6 7. e3 g6 
8. Be2 Nd7 9. O-O Bg7 10. e4 dxe4 11. Nxe4 Qf4 12. Qc2 f5 13. Nc3 Bxd4 
14. g3 Qd6 15. Rad1 e5 16. Rfe1 O-O 17. Qd2 Qf6 18. Nxd4 exd4 19. Na4 f4 
20. Qxd4 fxg3 21. hxg3 Qxd4 22. Rxd4 Re8 23. f3 Ne5 24. Kf2 Bf5 25. b4 Rad8 
26. Red1 Rxd4 27. Rxd4 h5 28. g4 hxg4 29. fxg4 Bc8 30. Nc5 Kg7 31. a4 Re7 
32. Kg3 Nf7 33. Ne4 Bf5 34. gxf5 gxf5 35. Kf4 fxe4 36. Rxe4 Rxe4+ 37. Kxe4 Kf6 
38. c5 Ng5+ 39. Kd4 Ne6+ 40. Kc4 Ke5 41. Bf3 Nd4 42. Bg4 Nf5 43. Bxf5 Kxf5 
44. Kc3 Ke4 45. Kc4 a6 46. a5 Ke5 47. Kc3 Kd5 48. Kd3 Ke5 49. Kc3 Kd5 
50. Kd3 Ke5 51. Kc3 1/2-1/2

[Event "Wednesday Jan 17th Engine Tour 9Rd Swiss 12m+1s Starts at 1600hrs ST"]
[Site "Infinity Chess"]
[Date "2018.1.17"]
[Round "9"]
[White "ivrdurant"]
[Black "marudam"]
[Result "1/2-1/2"]
[ECO "C53"]
[WhiteElo "2400"]
[BlackElo "2445"]
[WhiteEngine "Raubfisch X37b3._CTG"]
[BlackEngine "stockfish291217_CTG"]
[EventType "Swiss"]
[WhiteTeam ""]
[BlackTeam ""]
[PlyCount "190"]
[TimeControl "720+1"]

1. e4 e5 2. Nf3 Nc6 3. Bc4 Bc5 4. c3 Nf6 5. d3 O-O 6. O-O d6 7. Bg5 a5 8. h3 h6 
9. Bh4 g5 10. Bg3 Ba7 11. Na3 Nh5 12. Bh2 Nf4 13. Nc2 Qf6 14. Ne3 Kh8 
15. Kh1 Rg8 16. Bb3 Be6 17. Ng1 Qg6 18. Ne2 a4 19. Bc4 Ne7 20. Bxe6 fxe6 
21. b3 axb3 22. axb3 Nc6 23. Qd2 b5 24. Nc2 Rad8 25. f3 d5 26. Nb4 Nxb4 
27. cxb4 Bb6 28. Qc2 h5 29. Bg1 d4 30. Bh2 h4 31. Bg1 Ra8 32. Bf2 Qf7 
33. Nxf4 exf4 34. Qc6 Qe8 35. Qb7 Rb8 36. Qa6 Qd7 37. Rfc1 Kg7 38. Rc2 e5 
39. Be1 Rgc8 40. Qa3 Kf7 41. Qc1 c6 42. Kg1 Qb7 43. Rca2 Ra8 44. Rxa8 Rxa8 
45. Rxa8 Qxa8 46. Kh2 Bc7 47. Qc5 Ke6 48. Qc1 Bb6 49. Qc2 Qb7 50. Qb2 Qa6 
51. Bf2 Kd7 52. Kh1 Qa8 53. Kh2 Qb8 54. Bg1 Qb7 55. Qc2 Qa7 56. Qb2 Kd6 
57. Bf2 Qa6 58. Be1 Qa8 59. Bd2 Kc7 60. Kh1 Qb7 61. Qb1 Qc8 62. Qc2 Qa8 
63. Qb2 Qf8 64. Kh2 Qe7 65. Kh1 Qe8 66. Be1 Kb7 67. Qc2 Qd8 68. Kh2 Qf8 
69. Bd2 Qd6 70. Kh1 Qb8 71. Qa2 Qf8 72. Qc2 Kc7 73. Be1 Qc8 74. Qb2 Qg8 
75. Kg1 Qf7 76. Kf1 Kb7 77. Kf2 Qg8 78. Ke2 Qf7 79. Kd1 Bc7 80. Kc2 Bd6 
81. Qc1 Qf8 82. Qd2 Qc8 83. Kc1 Bc7 84. Kb2 Qe8 85. Qc1 Qg8 86. Bd2 Bb6 
87. Qd1 Qa8 88. Qe1 Qc8 89. Qc1 Qe8 90. Qd1 Qg8 91. Qh1 Ka6 92. Qc1 Qg6 
93. Qa1+ Kb7 94. Qc1 Qh5 95. Qa1 Kc7 1/2-1/2

[Event "Wednesday Jan 17th Engine Tour 9Rd Swiss 12m+1s Starts at 1600hrs ST"]
[Site "Infinity Chess"]
[Date "2018.1.17"]
[Round "9"]
[White "OlivierEvan"]
[Black "Thinker"]
[Result "1/2-1/2"]
[ECO "A46"]
[WhiteElo "2407"]
[BlackElo "2449"]
[WhiteEngine "Houdini 6"]
[BlackEngine "BrainFish_180113_x64_modern_CTG"]
[EventType "Swiss"]
[WhiteTeam ""]
[BlackTeam ""]
[PlyCount "149"]
[TimeControl "720+1"]

1. d4 Nf6 2. Nf3 d5 3. e3 e6 4. c4 c6 5. Nc3 Nbd7 6. Qc2 Bd6 7. Bd3 O-O 
8. O-O dxc4 9. Bxc4 a6 10. Rd1 b5 11. Bd3 h6 12. e4 e5 13. h3 Qc7 14. Be3 Bb7 
15. Rac1 Rfe8 16. Nxe5 Nxe5 17. dxe5 Bxe5 18. Nd5 Bh2+ 19. Kh1 cxd5 
20. Qxc7 Bxc7 21. Rxc7 dxe4 22. Bxb5 axb5 23. Rxb7 Rxa2 24. Rxb5 Raa8 
25. b4 Red8 26. Rd4 Ra1+ 27. Kh2 Rxd4 28. Bxd4 Rb1 29. g3 Kh7 30. g4 Rb3 
31. Be3 Rd3 32. Re5 Kg6 33. Kg2 Kh7 34. Ba7 g5 35. b5 Kg7 36. Rf5 Nd7 
37. f3 Rd2+ 38. Kf1 Kf8 39. fxe4 Rh2 40. Rd5 Ke7 41. Be3 Rxh3 42. Rd3 Ke6 
43. b6 Rh1+ 44. Bg1 Nxb6 45. Kg2 Rh4 46. Bxb6 Rxg4+ 47. Kf3 Rf4+ 48. Ke3 f5 
49. exf5+ Kxf5 50. Rd6 Re4+ 51. Kf3 Rf4+ 52. Ke2 Re4+ 53. Kd3 h5 54. Rd7 Re5 
55. Bd4 Rb5 56. Be3 h4 57. Rh7 Kg4 58. Ke4 Rb4+ 59. Ke5 Rb3 60. Kd4 h3 
61. Ke4 Rb4+ 62. Kd3 Rb3+ 63. Ke4 Rb1 64. Rh6 Rb4+ 65. Kd3 Rb3+ 66. Ke4 Rb4+ 
67. Kd3 Rb7 68. Kc4 Rd7 69. Kc3 Rd1 70. Bd2 Rh1 71. Rg6 h2 72. Rxg5+ Kh4 
73. Rg8 Rf1 74. Rh8+ Kg3 75. Rg8+ 1/2-1/2

[Event "Wednesday Jan 17th Engine Tour 9Rd Swiss 12m+1s Starts at 1600hrs ST"]
[Site "Infinity Chess"]
[Date "2018.1.17"]
[Round "9"]
[White "RonWeasley"]
[Black "MarioDeMonti"]
[Result "1/2-1/2"]
[ECO "C55"]
[WhiteElo "2454"]
[BlackElo "2435"]
[WhiteEngine "BrainFish 130117_CTG"]
[BlackEngine "stockfish_x64_bmi2_2018_01_13_CTG"]
[EventType "Swiss"]
[WhiteTeam ""]
[BlackTeam ""]
[PlyCount "63"]
[TimeControl "720+1"]

1. e4 e5 2. Nf3 Nc6 3. Bc4 Nf6 4. d3 Bc5 5. c3 d6 6. Bb3 a6 7. Nbd2 O-O 8. h3 h6 
9. g4 Be6 10. Bxe6 fxe6 11. Nb3 Bb6 12. Qe2 Qe8 13. Be3 d5 14. g5 hxg5 
15. Bxg5 d4 16. Rg1 dxc3 17. bxc3 Nh5 18. O-O-O Nf4 19. Bxf4 Rxf4 20. Rg3 Rd8 
21. h4 Rd7 22. h5 Qxh5 23. Nbd2 Rdf7 24. Rdg1 Kf8 25. Kc2 Ke7 26. Rxg7 Kd7 
27. Qd1 Rxg7 28. Rxg7+ Kc8 29. Rg8+ Kd7 30. Rg7+ Kc8 31. Rg8+ Kd7 32. Rg7+ 
1/2-1/2

[Event "Wednesday Jan 17th Engine Tour 9Rd Swiss 12m+1s Starts at 1600hrs ST"]
[Site "Infinity Chess"]
[Date "2018.1.17"]
[Round "9"]
[White "Ninja_Bp"]
[Black "incredible"]
[Result "1/2-1/2"]
[ECO "A04"]
[WhiteElo "2462"]
[BlackElo "2446"]
[WhiteEngine "Houdini 6"]
[BlackEngine "Stockfish_x64_bmi2"]
[EventType "Swiss"]
[WhiteTeam ""]
[BlackTeam ""]
[PlyCount "105"]
[TimeControl "720+1"]

1. Nf3 e6 2. d4 Nf6 3. c4 b6 4. e3 d5 5. b3 Bb7 6. Bb2 Bd6 7. Bd3 O-O 8. O-O c5 
9. Nbd2 Nbd7 10. cxd5 exd5 11. Ne5 Qe7 12. Nxd7 Nxd7 13. Re1 Nf6 14. dxc5 bxc5 
15. Qc2 Rfe8 16. Re2 Qc7 17. Bxf6 Bxh2+ 18. Kh1 gxf6 19. f4 Bg3 20. Nf1 Bh4 
21. Rc1 f5 22. Bxf5 d4 23. Bxh7+ Kg7 24. Bd3 Rh8 25. Kg1 Rac8 26. g3 Be7 
27. e4 Rcg8 28. b4 Kf8 29. Qd2 Rh3 30. Rg2 Rgh8 31. Rh2 Rxh2 32. Nxh2 f5 
33. bxc5 Rh6 34. Re1 Bxc5 35. exf5 Qg7 36. Nf1 Rh3 37. Re6 Rxg3+ 38. Nxg3 Qxg3+ 
39. Kf1 Qh3+ 40. Ke1 Bf3 41. Qa5 Qh1+ 42. Bf1 Qh4+ 43. Kd2 Qxf4+ 44. Kd3 Qxf5+ 
45. Kd2 Qxe6 46. Qxc5+ Ke8 47. Qxd4 Qxa2+ 48. Ke3 Qb3+ 49. Bd3 Bd5 50. Qxa7 Bc6 
51. Qd4 Qd5 52. Bg6+ Kd7 53. Bf5+ 1/2-1/2

[Event "Wednesday Jan 17th Engine Tour 9Rd Swiss 12m+1s Starts at 1600hrs ST"]
[Site "Infinity Chess"]
[Date "2018.1.17"]
[Round "9"]
[White "KhalidOmar"]
[Black "Gilgamesch"]
[Result "1/2-1/2"]
[ECO "D31"]
[WhiteElo "2457"]
[BlackElo "2496"]
[WhiteEngine "Eman 1.62 64-bit BMI2"]
[BlackEngine "BrainFish_171005_x64_bmi2"]
[EventType "Swiss"]
[WhiteTeam ""]
[BlackTeam ""]
[PlyCount "207"]
[TimeControl "720+1"]

1. d4 d5 2. c4 e6 3. Nc3 c6 4. Nf3 Nf6 5. Bg5 h6 6. Bxf6 Qxf6 7. e3 Nd7 
8. Bd3 dxc4 9. Bxc4 g6 10. O-O Qe7 11. e4 Bg7 12. e5 O-O 13. Re1 Rd8 14. Bd3 b5 
15. Rc1 Bb7 16. Ne4 c5 17. Nxc5 Nxc5 18. dxc5 Qd7 19. Be2 Qxd1 20. Rexd1 Rxd1+ 
21. Rxd1 b4 22. Rd7 Bc6 23. Rc7 Be4 24. b3 g5 25. h3 Kf8 26. Kf1 a5 27. c6 Bd5 
28. Bb5 Bxf3 29. gxf3 Bxe5 30. Rd7 Rb8 31. Ba6 Ke8 32. Ke2 Rd8 33. Ra7 Bb8 
34. Rb7 Bf4 35. Bd3 Rd5 36. c7 Kd7 37. c8=Q+ Kxc8 38. Rxf7 e5 39. Rh7 Rd6 
40. Rh8+ Kb7 41. Be4+ Kb6 42. Rb8+ Kc5 43. Bd3 Rd5 44. Rc8+ Kb6 45. Rf8 h5 
46. Rf7 Rd4 47. Rh7 h4 48. Rh6+ Kb7 49. Rg6 Rd7 50. Be4+ Kc7 51. Bd3 Rd5 
52. Rg7+ Kb6 53. Rg8 Kc7 54. Rg6 Rd4 55. Rg7+ Kb6 56. Rg8 Rd5 57. Ra8 Kc7 
58. Ra6 Kd8 59. Ra7 Kc8 60. Ra8+ Kb7 61. Be4 Kxa8 62. Bxd5+ Kb8 63. Bc4 Kc8 
64. Kd3 Kc7 65. Bg8 Kc6 66. Ke4 Kd6 67. Bc4 Bd2 68. Kf5 Bf4 69. Ke4 Kd7 
70. Kd5 Ke7 71. Bd3 Bh2 72. Ke4 Kf6 73. Bb5 Bf4 74. Kd3 Kf5 75. Bd7+ Kg6 
76. Kc4 Kf6 77. Kd5 Bg3 78. Kc6 Bf4 79. Kb6 Ke7 80. Bb5 Kd6 81. Kxa5 Kc5 
82. Ba6 Bd2 83. Ka4 Be1 84. Bb5 Bxf2 85. Bd7 Bg3 86. a3 bxa3 87. Kxa3 e4 
88. fxe4 Kd4 89. b4 Bd6 90. Ka4 Kxe4 91. Kb3 Kd4 92. Bc6 Bc7 93. b5 Bb6 
94. Kb4 Ke5 95. Kc3 g4 96. hxg4 Kf4 97. Kb3 h3 98. Kb4 h2 99. Bg2 Kg5 
100. Bc6 h1=Q 101. Bxh1 Kxg4 102. Kc4 Kf4 103. Kd5 Bg1 104. Be4 1/2-1/2

[Event "Wednesday Jan 17th Engine Tour 9Rd Swiss 12m+1s Starts at 1600hrs ST"]
[Site "Infinity Chess"]
[Date "2018.1.17"]
[Round "9"]
[White "Dovahkiin"]
[Black "Marsell"]
[Result "1/2-1/2"]
[ECO "A00"]
[WhiteElo "2433"]
[BlackElo "2475"]
[WhiteEngine "BrainFish_180113_x64_modern_CTG"]
[BlackEngine "asmFishW_2018-01-11_popcnt"]
[EventType "Swiss"]
[WhiteTeam ""]
[BlackTeam ""]
[PlyCount "133"]
[TimeControl "720+1"]

1. e3 e5 2. e4 Nf6 3. Nc3 Bc5 4. Bc4 c6 5. Nf3 d6 6. d3 O-O 7. a4 Bg4 8. Ba2 Na6 
9. h3 Bh5 10. g4 Bg6 11. O-O Re8 12. g5 Nh5 13. Nh4 Nc7 14. Qg4 Bb6 
15. Nxg6 hxg6 16. Rb1 a5 17. Be3 Ne6 18. h4 Bc7 19. Ne2 d5 20. exd5 cxd5 
21. Qf3 e4 22. dxe4 dxe4 23. Qg2 Qc8 24. Bd5 Nef4 25. Nxf4 Bxf4 26. c4 Re7 
27. Rbe1 Qc7 28. Rd1 Rae8 29. Qg4 Bxe3 30. fxe3 Qb6 31. Qh3 Rd8 32. Rd2 Kh7 
33. Kh1 Rf8 34. Rg2 Qd8 35. b3 Qd6 36. Rgg1 Qb4 37. Rb1 Rd8 38. Rgf1 Qc3 
39. Rfc1 Qe5 40. Qh2 Qf5 41. Qg2 Qc8 42. Rf1 f5 43. gxf6 Nxf6 44. Rg1 Nxd5 
45. cxd5 Rd6 46. Qg3 Qc5 47. Rbd1 b6 48. Rd2 Rf7 49. h5 gxh5 50. Rf2 Rdd7 
51. Qg6+ Kg8 52. Qe6 Qe7 53. Rf4 Rd8 54. Rxe4 Qxe6 55. dxe6 Re7 56. Rg5 Rde8 
57. Rxh5 Rxe6 58. Rxe6 Rxe6 59. Rb5 Rxe3 60. Rxb6 Kf7 61. Kg2 g5 62. Rb5 g4 
63. b4 axb4 64. Rxb4 Kf6 65. Rxg4 Kf5 66. Rc4 Rb3 67. Kf2 1/2-1/2

[Event "Wednesday Jan 17th Engine Tour 9Rd Swiss 12m+1s Starts at 1600hrs ST"]
[Site "Infinity Chess"]
[Date "2018.1.17"]
[Round "9"]
[White "Harry_Potter"]
[Black "Vimtiroba"]
[Result "1-0"]
[ECO "C50"]
[WhiteElo "2464"]
[BlackElo "2498"]
[WhiteEngine "Stockfish_18011309_x64_bmi2_CTG"]
[BlackEngine "SF@Infinity T1_CTG"]
[EventType "Swiss"]
[WhiteTeam ""]
[BlackTeam ""]
[PlyCount "211"]
[TimeControl "720+1"]

1. e4 e5 2. Nf3 Nc6 3. Bc4 Bc5 4. O-O Nf6 5. d3 d6 6. c3 a5 7. Bg5 Ba7 
8. Nbd2 h6 9. Bh4 g5 10. Bg3 O-O 11. Bb3 Nh7 12. Kh1 Qf6 13. Nc4 Qg7 14. Bc2 h5 
15. h4 g4 16. Nfd2 f5 17. exf5 Bxf5 18. Nb3 a4 19. Nba5 Nxa5 20. Nxa5 Qg6 
21. Nc4 Nf6 22. Ne3 Bxe3 23. fxe3 e4 24. d4 Nd5 25. Qd2 b5 26. b3 axb3 
27. Bxb3 Be6 28. Rxf8+ Kxf8 29. Qe2 Nxc3 30. Qb2 b4 31. Bxe6 Qxe6 32. Qxb4 Ne2 
33. Kh2 Nxg3 34. Kxg3 c5 35. Rf1+ Kg8 36. dxc5 Qe5+ 37. Rf4 dxc5 38. Qb3+ Kh8 
39. a4 Rc8 40. Qc4 Rf8 41. Qxe4 Qd6 42. a5 Kg7 43. a6 Rf7 44. Kh2 Kh6 
45. Qe8 Rg7 46. Kg3 Rd7 47. Qh8+ Kg6 48. Qg8+ Rg7 49. Qe8+ Kh6 50. e4 Kh7 
51. Qxh5+ Kg8 52. Qd5+ Qxd5 53. exd5 Ra7 54. d6 Rxa6 55. d7 Rd6 56. Rc4 Rxd7 
57. Rxc5 Kh7 58. Kxg4 Kh6 59. Rc6+ Kg7 60. Rc5 Rd2 61. Rg5+ Kh6 62. Kh3 Rd1 
63. Rc5 Ra1 64. Rc6+ Kh7 65. Rc7+ Kg6 66. Rc3 Ra6 67. Rb3 Kh6 68. Rf3 Ra5 
69. Rf4 Rb5 70. Rf3 Rb1 71. Rf5 Ra1 72. Rf4 Ra5 73. Kg4 Ra7 74. Rf6+ Kh7 
75. h5 Ra1 76. g3 Rc1 77. h6 Ra1 78. Kg5 Ra5+ 79. Rf5 Ra6 80. Rf7+ Kg8 
81. Rf6 Ra4 82. g4 Kh7 83. Kh5 Ra5+ 84. Rf5 Ra1 85. Rf7+ Kh8 86. g5 Ra5 
87. Kg6 Ra6+ 88. Rf6 Ra8 89. Rf5 Kg8 90. Rb5 Ra6+ 91. Kh5 Ra1 92. Rb8+ Kf7 
93. g6+ Kf6 94. Rf8+ Ke5 95. g7 Rh1+ 96. Kg4 Rg1+ 97. Kf3 Rf1+ 98. Ke2 Rh1 
99. g8=Q Rh2+ 100. Kd3 Rh3+ 101. Kc4 Rh4+ 102. Kc5 Rc4+ 103. Kxc4 Kd6 
104. Rf6+ Ke7 105. Qg7+ Ke8 106. Rf8# 1-0

[Event "Wednesday Jan 17th Engine Tour 9Rd Swiss 12m+1s Starts at 1600hrs ST"]
[Site "Infinity Chess"]
[Date "2018.1.17"]
[Round "9"]
[White "Eman"]
[Black "hafaba"]
[Result "1/2-1/2"]
[ECO "B00"]
[WhiteElo "2469"]
[BlackElo "2478"]
[WhiteEngine "Eman 1.62 64-bit POPCNT"]
[BlackEngine "Stockfish SL 07012018 POPCNT_CTG"]
[EventType "Swiss"]
[WhiteTeam ""]
[BlackTeam ""]
[PlyCount "144"]
[TimeControl "720+1"]

1. e4 Nc6 2. d4 d5 3. e5 Bf5 4. c3 e6 5. Nf3 f6 6. Bb5 Nge7 7. exf6 gxf6 
8. Nh4 Bg6 9. O-O Qd7 10. Nd2 Nf5 11. Nxf5 Bxf5 12. Nf3 Be4 13. Bf4 O-O-O 
14. Nh4 a6 15. Ba4 Bd6 16. f3 Bg6 17. Qd2 Be8 18. Rae1 Bxf4 19. Qxf4 Qf7 
20. Rf2 Na5 21. Bc2 Bd7 22. Qh6 Rde8 23. f4 Nc4 24. Bd1 Rhg8 25. Bh5 Qf8 
26. Qxf8 Rexf8 27. Bd1 Nd6 28. Bc2 f5 29. Bd1 Ne4 30. Rc2 Be8 31. Re3 Kd8 
32. Rh3 Nf6 33. g3 Ke7 34. Rc1 Kd6 35. b3 Bg6 36. c4 dxc4 37. bxc4 c5 
38. dxc5+ Kxc5 39. Be2 Re8 40. Rc2 Re7 41. Rb2 Be8 42. Ng2 Bc6 43. Ne1 Be4 
44. Nf3 Bxf3 45. Bxf3 h5 46. a4 b6 47. Rd2 Rb8 48. Ra2 Kxc4 49. Be2+ Kb3 
50. Rd2 Rd7 51. g4+ Kxa4 52. Ra2+ Kb4 53. gxf5 exf5 54. Rb2+ Kc5 55. Rc3+ Kd6 
56. Bxa6 Ne4 57. Rd3+ Kc7 58. Rxd7+ Kxd7 59. Bd3 Nd6 60. h4 b5 61. Be2 Ke6 
62. Bxh5 Rh8 63. Be2 Rxh4 64. Bxb5 Rxf4 65. Bd3 Ke5 66. Kg2 Ra4 67. Kh2 Rd4 
68. Bxf5 Nxf5 69. Kg2 Kf4 70. Rf2+ Kg4 71. Kf1 Re4 72. Ra2 Ng3+ 1/2-1/2

[Event "Wednesday Jan 17th Engine Tour 9Rd Swiss 12m+1s Starts at 1600hrs ST"]
[Site "Infinity Chess"]
[Date "2018.1.17"]
[Round "8"]
[White "star99"]
[Black "SkyPilot"]
[Result "1/2-1/2"]
[ECO "E20"]
[WhiteElo "2406"]
[BlackElo "2455"]
[WhiteEngine "Cryptic AIL V1"]
[BlackEngine "stockfish_x64_bmi2_2018_01_13_CTG"]
[EventType "Swiss"]
[WhiteTeam ""]
[BlackTeam ""]
[PlyCount "180"]
[TimeControl "720+1"]

1. d4 Nf6 2. c4 e6 3. Nc3 d5 4. Nf3 c6 5. Bg5 h6 6. Bh4 dxc4 7. e4 g5 8. Bg3 b5 
9. Be2 Bb7 10. O-O Nbd7 11. Ne5 Bg7 12. a4 b4 13. Nxc4 O-O 14. e5 bxc3 
15. exf6 Nxf6 16. Nd6 cxb2 17. Rb1 Bc8 18. Rxb2 Ne8 19. Nxe8 Rxe8 20. Be5 a5 
21. Bf3 Bxe5 22. dxe5 Qxd1 23. Rxd1 Ba6 24. h4 Reb8 25. Rxb8+ Rxb8 26. hxg5 hxg5 
27. Bxc6 Be2 28. Rd7 Rb1+ 29. Kh2 Rc1 30. Bb5 Bxb5 31. axb5 Rb1 32. Rb7 a4 
33. b6 a3 34. Ra7 Rxb6 35. Rxa3 Kg7 36. Kg3 Rb5 37. f4 gxf4+ 38. Kxf4 Rb2 
39. Kg3 Rb1 40. Rf3 Ra1 41. Rf2 Ra5 42. Kf4 Ra1 43. Re2 Ra4+ 44. Ke3 Ra5 
45. Ke4 Ra4+ 46. Kd3 Ra5 47. Ke4 Ra4+ 48. Kd3 Kg6 49. Rf2 Rb4 50. Rf6+ Kg7 
51. Rf2 Rb1 52. Rd2 Rg1 53. Kd4 Kg6 54. Rb2 Kf5 55. Rf2+ Kg6 56. Rf6+ Kg7 
57. Rf2 Rd1+ 58. Ke4 Re1+ 59. Kf4 Kg6 60. Rf3 Rg1 61. Rg3+ Kh6 62. Kf3 Ra1 
63. Rg8 Ra3+ 64. Kf4 Ra4+ 65. Ke3 Ra3+ 66. Ke4 Ra4+ 67. Ke3 Kh5 68. Kf3 Ra7 
69. Rg7 Ra3+ 70. Ke2 Ra2+ 71. Ke3 Ra7 72. Kd4 Kh6 73. Rg3 Rc7 74. Rh3+ Kg6 
75. Ra3 Kh6 76. Ra2 Kg6 77. Ke4 Rc4+ 78. Ke3 Rg4 79. Rf2 Rg3+ 80. Kf4 Rb3 
81. Ke4 Rb4+ 82. Kd3 Kg7 83. Ke3 Rb5 84. Kd4 Ra5 85. Re2 Ra4+ 86. Ke3 f6 
87. exf6+ Kxf6 88. Rd2 e5 89. g3 Ke7 90. Ke2 Ra3 1/2-1/2